 Dungeon Crawl Stone Soup version 0.26.1-11-gd32895ea62 (webtiles) character file.

Game seed: 10328184225224099098

183 Zeld the Sneak (level 5, -7/25 HPs)
             Began as a Spriggan Brigand on June 5, 2021.
             Killed from afar by Natasha (10 damage)
             ... with a magic dart
             ... on level 2 of the Dungeon.
             The game lasted 00:05:57 (5154 turns).

Zeld the Sneak (Spriggan Brigand)                   Turns: 5154, Time: 00:05:57

Health: -7/25      AC:  3    Str:  7    XL:     5   Next: 35%
Magic:  8/8        EV: 17    Int: 13    God:
Gold:   178        SH:  0    Dex: 18    Spells: 5/7 levels left

rFire    . . .     SeeInvis +   a - +2 dagger
rCold    . . .     Faith    .   (shield restricted)
rNeg     . . .     Spirit   .   b - +0 robe
rPois    .         Reflect  .   (helmet restricted)
rElec    .         Harm     .   c - +0 cloak
rCorr    .         Rampage  .   (gloves unavailable)
Will     .....                  (boots unavailable)
Stlth    ++++......             (no amulet)
HPRegen  0.08/turn              (no ring)
MPRegen  0.11/turn              (no ring)

@: very quick
A: very small, unfitting armour, see invisible, speed 3
a: no special abilities


You were on level 2 of the Dungeon.
You visited 1 branch of the dungeon, and saw 3 of its levels.

You collected 178 gold pieces.

Inventory:

Hand Weapons
 a - a +2 dagger (weapon)
Missiles
 d - 22 poisoned darts (quivered)
 e - 2 curare-tipped darts
Armour
 b - a +0 robe (worn)
 c - a +0 cloak (worn)
Jewellery
 m - a cursed ring of protection from cold {unknown}
 q - an uncursed ring of protection from cold {unknown}
Wands
 x - a wand of iceblast (10)
Scrolls
 f - a scroll of noise {unknown}
 g - 2 scrolls of identify {unknown}
 h - 2 scrolls of magic mapping {unknown}
 n - 3 scrolls of teleportation {unknown}
 r - a scroll of fear {unknown}
 s - a scroll of random uselessness {unknown}
 t - a scroll of blinking {unknown}
 v - a scroll of immolation {unknown}
Potions
 i - 2 potions of heal wounds {unknown}
 j - 2 potions of brilliance {unknown}
 k - 2 potions of cancellation {unknown}
 l - a potion of flight {unknown}
 o - a potion of lignification {unknown}
 p - a potion of invisibility {unknown}
 u - a potion of curing {unknown}
 w - a potion of mutation {unknown}


   Skills:
 - Level 1.5 Fighting
 * Level 4.0 Short Blades
 * Level 3.8 Throwing
 - Level 1.5 Dodging
 + Level 6.8 Stealth
 + Level 1.6 Spellcasting


You had 5 spell levels left.
You knew the following spells:

 Your Spells              Type           Power        Failure   Level
a - Blink                 Tloc           N/A          36%         2

Your spell library contained the following spells:

 Spells                   Type           Power        Failure   Level
 Magic Dart               Conj           4%           26%         1
 Call Imp                 Summ           1%           36%         2
 Slow                     Hex            1%           36%         2
 Conjure Flame            Conj/Fire      1%           61%         3
 Mephitic Cloud           Conj/Pois/Air  1%           61%         3


Dungeon Overview and Level Annotations

Branches:
Dungeon (3/15)

Altars:
Okawaru

Annotations:
D:2 Natasha


Innate Abilities, Weirdness & Mutations

You are very small and have problems with some larger weapons.
You are too small for most types of armour.
You have supernaturally acute eyesight. (SInv)
You cover ground extremely quickly.


Message History

Natasha mumbles some strange words.
Natasha stares at you and mumbles some strange words.
The magic dart hits you.
You closely miss Natasha. Natasha claws you!
You hit Natasha.
Natasha is moderately wounded.
Natasha claws you.
You hit Natasha but do no damage.
Natasha is moderately wounded.
You are too injured to fight recklessly!
You completely miss Natasha.
Natasha is moderately wounded.
Natasha growls.
Natasha claws you!
* * * LOW HITPOINT WARNING * * *
You are too injured to fight recklessly!
You are too injured to fight recklessly!
Natasha stares at you and mumbles some strange words.
The magic dart hits you!
You die...

*,....* *##
###.#** *.. #...#
*<* ##.#5# ***,*
##h.#.# *,,,*
##.#.#.# *,***
##.###h.## *,*
##.## ##..####,*
#@## ##....#,*
##.#*
##..##.#,***
*#.###..##*,..,,,
*#.#.### ***.#**
*#.## *,#** #.#
*,,,, #.# *****
#.# #.#


You could see Natasha.

Vanquished Creatures
  A hound (D:3)
  Ijyb (D:2)
  Natasha (D:2)
  3 adders
  An ufetubus (D:3)
  An ooze (D:2)
  2 worms (D:2)
  3 dart slugs (D:1)
  3 leopard geckos
  An orc (D:3)
  4 giant cockroaches
  4 goblins
  7 hobgoblins
  A quokka (D:2)
  5 bats
  4 frilled lizards
  8 kobolds
  8 rats
58 creatures vanquished.

Notes
Turn   | Place    | Note
-------+----------+-------------------------------------------
     0 | D:1      | Zeld the Spriggan Brigand began the quest for the Orb.
     0 | D:1      | Reached XP level 1. HP: 10/10 MP: 2/2
   264 | D:1      | Reached skill level 6 in Stealth
   264 | D:1      | Reached XP level 2. HP: 14/14 MP: 3/3
   911 | D:2      | Reached XP level 3. HP: 18/18 MP: 4/4
  1136 | D:2      | Found an iron altar of Okawaru.
  1330 | D:2      | Learned a level 2 spell: Blink
  1597 | D:2      | Reached XP level 4. HP: 22/22 MP: 5/5
  1606 | D:2      | You fall into a shaft and drop 1 floor!
  1647 | D:3      | Noticed Ijyb
  2568 | D:2      | Killed Ijyb
  2569 | D:2      | Reached skill level 1 in Spellcasting
  2778 | D:2      | Found an iron altar of Okawaru.
  3662 | D:3      | Reached XP level 5. HP: 19/25 MP: 7/7
  4157 | D:3      | Noticed Natasha
  4407 | D:2      | Killed Natasha
  4846 | D:2      | Found an iron altar of Okawaru.
  5137 | D:2      | Noticed Natasha
  5154 | D:2      | Killed from afar by Natasha

Illustrated notes

Levels and vault maps discovered:
D:1:      wander_arrival_estate, layout_basic
D:2:      layout_loops_ring, okawaru_gym_becter
D:3:      layout_rooms, corexii_item_surrounded_by_moat, grunt_ministairs_4,
          chequers_avenue, skrybe_limestone_x, uniq_natasha, uniq_ijyb

Skill      XL: |  1  2  3  4  5 |
---------------+----------------+-----
Stealth        | 6 |  6.8
Short Blades   | 3 4 |  4.0
Throwing       | 3 |  3.8
Spellcasting   | 1 |  1.6
Fighting       | |  1.5
Dodging        | |  1.5

Action                   |  1- 3 |  4- 6 || total
-------------------------+-------+-------++-------
Melee: Dagger            |   131 |   136 ||   267
Throw: Dart              |       |    11 ||    11
 Stab: Sleeping          |    11 |     7 ||    18
Armor: Robe              |    15 |    13 ||    28
Dodge: Dodged            |   109 |    94 ||   203
